 Dungeon Crawl Stone Soup version 0.28-a0-390-gb254ac4902 (webtiles) character file.

Game seed: 11606061078640769236

7640 siradein the Carver (level 10, 0/87 HPs)
             Began as a Deep Dwarf Fighter on Sept 3, 2021.
             Was a Priest of Makhleb.
             Killed from afar by a fire dragon (50 damage)
             ... with a blast of flame
             ... on level 10 of the Dungeon on Sept 4, 2021.
             The game lasted 00:29:18 (9106 turns).

siradein the Carver (Deep Dwarf Fighter)            Turns: 9106, Time: 00:29:19

Health: 0/87       AC: 14    Str: 23    XL:     10   Next: 98%
Magic:  18/18 (9)  EV: 11    Int:  9    God:    Makhleb [***...]
Gold:   166        SH:  5    Dex: 12    Spells: 9/9 levels left

rFire   . . .      SeeInvis .   a - +2 scimitar (vorpal)
rCold   . . .      Faith    .   c - +0 buckler
rNeg    . . .      Spirit   .   M - +2 acid dragon scales
rPois   .          Reflect  .   E - +0 helmet
rElec   .          Harm     .   A - +0 cloak
rCorr   +          Rampage  .   G - +0 pair of gloves of Unreason {Contam Regen+ MP+9 Stlth+}
Will    +....                   H - +0 pair of boots
Stlth   ++........              (no amulet)
HPRegen 0.00/turn               J - +4 ring of slaying
MPRegen 0.16/turn               (no ring)

@: no status effects
A: damage resistance, heal wounds, sense surroundings 2, no regeneration
a: Heal Wounds, Renounce Religion, Minor Destruction, Lesser Servant of Makhleb


You were on level 10 of the Dungeon.
You worshipped Makhleb.
Makhleb was most pleased with you.
You visited 2 branches of the dungeon, and saw 11 of its levels.
You also visited: Sewer and Ossuary.

You collected 548 gold pieces.
You spent 382 gold pieces at shops.

Inventory:

Hand Weapons
 a - a +2 vorpal scimitar (weapon)
 t - a +2 dagger of holy wrath
Armour
 c - a +0 buckler (worn)
 A - a +0 cloak (worn)
 E - a +0 helmet (worn)
 G - the +0 pair of gloves of Unreason (worn) {Contam Regen+ MP+9 Stlth+}
   (You bought it in a shop on level 7 of the Dungeon)

   MP:        It affects your magic capacity (+9).
   Contam:    It causes magical contamination when unequipped.
   Regen:     It increases your rate of health regeneration.
   Stlth:     It makes you more stealthy.
 H - a +0 pair of boots (worn)
 M - +2 acid dragon scales (worn)
Jewellery
 q - a +6 ring of intelligence
 F - a ring of ice
 J - a +4 ring of slaying (left hand)
Wands
 m - a wand of flame (31)
 z - a wand of digging (9)
 D - a wand of acid (13)
Scrolls
 b - 7 scrolls of enchant weapon {unknown}
 g - 2 scrolls of noise {unknown}
 h - 7 scrolls of magic mapping {unknown}
 i - 8 scrolls of blinking {unknown}
 n - 4 scrolls of brand weapon {unknown}
 o - a scroll of enchant armour
 p - 2 scrolls of fear {unknown}
 r - 8 scrolls of fog {unknown}
 u - 2 scrolls of amnesia {unknown}
 w - a scroll of vulnerability
 x - 4 scrolls of teleportation {unknown}
 y - 4 scrolls of identify
 K - a scroll of summoning {unknown}
Potions
 d - 5 potions of might
 e - 4 potions of haste
 f - 10 potions of curing
 j - 4 potions of flight
 k - a potion of ambrosia
 l - 5 potions of attraction
 s - 3 potions of mutation
 v - 3 potions of magic
 B - 2 potions of heal wounds
 C - a potion of brilliance
 I - 2 potions of invisibility
 L - 2 potions of cancellation {unknown}
Miscellaneous
 N - a phial of floods


   Skills:
 + Level 4.8 Fighting
 - Level 14.0 Long Blades
 + Level 5.8 Armour
 + Level 5.8 Shields
 + Level 5.6 Invocations


You had 9 spell levels left.
You didn't know any spells.
Your spell library contained the following spells:

 Spells                   Type           Power      Damage    Failure   Level
 Shock                    Conj/Air       0%         1d3       45%         1
 Gell's Gravitas          Tloc           0%         N/A       83%         3
 Ignite Poison            Fire/Tmut/Pois 0%         N/A       83%         3
 Mephitic Cloud           Conj/Pois/Air  0%         N/A       83%         3
 Swiftness                Air            0%         N/A       83%         3
 Teleport Other           Tloc           0%         N/A       83%         3
 Airstrike                Air            0%         N/A       99%         4
 Sticky Flame             Conj/Fire      0%         2d3       99%         4
 Summon Lightning Spire   Summ/Air       0%         N/A       99%         4
 Bolt of Magma            Conj/Fire/Erth 0%         4d4       100%        5
 Dispersal                Tloc           0%         N/A       100%        6
 Storm Form               Tmut/Air       0%         N/A       100%        7
 Disjunction              Tloc           0%         N/A       100%        8
 Maxwell's Capacitive Co  Air            0%         ∞         100%        8


Dungeon Overview and Level Annotations

Branches:
Dungeon (10/15)            Temple (1/1) D:5            Lair (0/6) D:9
  Sewer (visited)         Ossuary (visited)
    Orc: D:9-12

Altars:
Ashenzari
Cheibriados
Dithmenos
Elyvilon
Fedhas
Gozag
Hepliaklqana
Kikubaaqudgha
Makhleb
Nemelex Xobeh
Okawaru
Qazlal
Ru
Sif Muna
Trog
Uskayaw
Vehumet
Wu Jian
Xom
Yredelemnul
Zin
The Shining One

Shops:
D:3 [   D:7 *:*[?   D:8 :   D:9 ?

Annotations:
D:5 2 transporters, MasteOfDeath's ghost, amateur PaBe
D:8 3 runed translucent doors, Cancer's ghost, journeyman GrCj
D:10 1 runed translucent door


Innate Abilities, Weirdness & Mutations

You are resistant to damage.
You can heal yourself by infusing magical energy.
You passively map the area around you.
You do not regenerate.


Message History

You slash the orc!
You kill the orc!
Makhleb accepts your kill.
You feel better.
No target in view!
You are no longer poisoned.
Things that are here:
a +0 hand axe; a +0 scale mail
Things that are here:
a +0 hand axe; a +0 plate armour; an orc corpse
There is an open door, spattered with blood here.
Things that are here:
a +0 dagger of venom; a +0 ring mail
r - 8 scrolls labelled LINYIFR IHYBAD (gained 1)
The sentinel's mark upon you fades away.
You open the door.
There is an open door here.
There is an open door here.
You open the door.
There is an open door here.
You now have 166 gold pieces (gained 13).
You open the door.
A fire dragon comes into view.
The fire dragon roars deafeningly!
Found a runed translucent door.
A fire dragon is nearby!
A fire dragon is nearby!
The fire dragon breathes flames at you. The blast of flame hits you!!
* * * LOW HITPOINT WARNING * * *
There is an open door here.
You are too injured to fight recklessly!
You feel much better. The fire dragon bites you. The fire dragon misses you.
The fire dragon tramples you.
You stumble backwards!
You are too injured to fight recklessly!
You feel much better. The fire dragon breathes flames at you.
The blast of flame hits you!!!
Ouch! That really hurt!
You die...

*,, ** * ** , , , ..#
####### #.#
#..#..#..#.##
#..#..+..'..#..#### *
#..##D# #.....# ,
#..#.@# 8 #.....#
#..#..# ,* #.....#
#..##'#' ' #.....# ,
#..#..#, #.....#
#..#..# #.#...+,,
#..#'########.#...# *#
#.............#...###.
#.............#.....#.
#.............#.....#.


You could see a fire dragon (catching breath).

Vanquished Creatures
  A two-headed ogre (D:8)
  3 trolls (D:10)
  A hornet (D:8)
  A ynoxinul (D:10)
  A wraith (D:10)
  5 yaks
  4 wyverns
  2 vampire mosquitoes (D:10)
  A water moccasin (D:5)
  An acid dragon (D:8)
  3 orc warriors
  3 black bears
  4 sky beasts
  3 ogres
  4 centaurs
  A phantom (D:6)
  3 bullfrogs
  A gnoll sergeant (D:7)
  12 scorpions
  4 wights (D:9)
  3 killer bees (D:9)
  A howler monkey (D:6)
  An electric eel (D:9)
  3 centaur zombies
  2 human zombies (Ossuary)
  A bullfrog zombie (D:6)
  A centaur skeleton (D:6)
  A hound (D:4)
  3 orc priests
  A bullfrog skeleton (D:5)
  A gnoll shaman (D:7)
  5 iguanas
  Ijyb (D:4)
  5 orc wizards
  5 scorpion zombies (Ossuary)
  A killer bee zombie (D:6)
  A hound zombie (D:5)
  A hound skeleton (D:5)
  3 mummies (Ossuary)
  9 gnolls (D:7)
  A howler monkey skeleton (D:5)
  4 adders
  A river rat (D:4)
  2 ufetubi (D:6)
  An adder zombie (D:5)
  An adder skeleton (D:4)
  5 worms
  29 orcs
  9 endoplasms
  5 giant cockroaches
  13 goblins
  11 hobgoblins
  8 jackals
  11 kobolds
  3 quokkas
  7 ball pythons
  8 bats
  2 frilled lizards
  2 goblin zombies (Ossuary)
  2 hobgoblin zombies (Ossuary)
  4 kobold zombies (Ossuary)
  2 orc zombies (Ossuary)
  6 rats
244 creatures vanquished.

Notes
Turn   | Place    | Note
-------+----------+-------------------------------------------
     0 | D:1      | siradein the Deep Dwarf Fighter began the quest for the
                  | Orb.
     0 | D:1      | Reached XP level 1. HP: 20/20 MP: 1/1
    61 | D:1      | Reached XP level 2. HP: 27/27 MP: 2/2
   248 | D:1      | Reached skill level 3 in Long Blades
   706 | D:2      | Reached XP level 3. HP: 29/33 MP: 3/3
  1088 | D:2      | Upgraded the game from 0.28-a0-384-g9e0c098162 to
                  | 0.28-a0-390-gb254ac4902
  1408 | D:3      | Reached skill level 4 in Long Blades
  1654 | D:3      | Found Kadeim's Antique Armour Emporium.
  1858 | D:3      | Reached XP level 4. HP: 28/40 MP: 4/4
  2348 | D:4      | Noticed Ijyb
  2381 | D:4      | Killed Ijyb
  2382 | D:4      | Reached skill level 5 in Long Blades
  2390 | D:4      | Reached XP level 5. HP: 44/46 MP: 5/5
  2412 | D:4      | Found a glowing drain.
  2421 | Sewer    | Entered a sewer
  3029 | D:4      | Noticed a black bear
  3069 | D:4      | Killed a black bear
  3070 | D:4      | Reached skill level 6 in Long Blades
  3116 | D:4      | Reached XP level 6. HP: 31/55 MP: 6/6
  3309 | D:4      | Reached skill level 7 in Long Blades
  3704 | D:4      | Found a hide-covered altar of Uskayaw.
  3712 | D:4      | Reached XP level 7. HP: 36/61 MP: 7/7
  3849 | D:5      | Entered Level 5 of the Dungeon
  3871 | D:4      | Reached skill level 8 in Long Blades
  3989 | D:5      | Reached skill level 9 in Long Blades
  3998 | D:5      | Found a snail-covered altar of Cheibriados.
  4036 | D:5      | Reached XP level 8. HP: 40/68 MP: 7/7
  4074 | D:5      | Reached skill level 10 in Long Blades
  4091 | D:5      | Found a staircase to the Ecumenical Temple.
  4096 | Temple   | Entered the Ecumenical Temple
  4150 | Temple   | Became a worshipper of Makhleb the Destroyer
  4383 | D:5      | Found a transporter.
  4387 | D:5      | Found a transporter.
  4387 | D:5      | Noticed MasteOfDeath's ghost (amateur PaBe)
  4947 | D:6      | Reached skill level 11 in Long Blades
  5068 | D:7      | Found a shadowy altar of Dithmenos.
  5078 | D:7      | Found a sacrificial altar of Ru.
  5118 | D:7      | Found Aven Kaph's Mayhem Merchandise.
  5349 | D:7      | Reached * piety under Makhleb
  5496 | D:7      | Gained mutation: You passively map the area around you.
                  | [Deep Dwarf growth]
  5496 | D:7      | Reached XP level 9. HP: 36/74 MP: 5/5
  5535 | D:7      | Found Hegrofiriw's Book Shoppe.
  5536 | D:7      | Found Moumof's Antique Armour Shoppe.
  5539 | D:7      | Found Vecsuiw's Magic Scroll Shoppe.
  5540 | D:7      | Found Orghetaf's General Store.
  5596 | D:7      | Bought a pair of smouldering gloves for 285 gold pieces
  5596 | D:7      | Identified the +0 pair of gloves of Unreason {Contam Regen+
                  | MP+9 Stlth+} (You bought it in a shop on level 7 of the
                  | Dungeon)
  5754 | D:7      | Reached skill level 12 in Long Blades
  5873 | D:8      | Found a sand-covered staircase.
  5881 | Ossuary  | Entered an ossuary
  6018 | Ossuary  | Reached ** piety under Makhleb
  6185 | Ossuary  | Reached skill level 13 in Long Blades
  6295 | D:8      | Found Beofug's Book Shoppe.
  6611 | D:8      | Found a sparkling altar of Nemelex Xobeh.
  6618 | D:8      | Noticed a two-headed ogre
  6637 | D:8      | Killed a two-headed ogre
  6638 | D:8      | Reached skill level 14 in Long Blades
  6638 | D:8      | Reached skill level 1 in Invocations
  6638 | D:8      | Reached XP level 10. HP: 47/84 MP: 6/6
  6833 | D:8      | Found a runed translucent gate.
  6833 | D:8      | Found a runed translucent gate.
  6833 | D:8      | Found a runed translucent gate.
  6835 | D:8      | Noticed Cancer's ghost (journeyman GrCj)
  7360 | D:9      | Found Yblilax's Magic Scroll Shop.
  7415 | D:9      | Bought a scroll of enchant armour for 97 gold pieces
  7449 | D:9      | Reached *** piety under Makhleb
  7530 | D:9      | Found a staircase to the Lair.
  8507 | D:9      | Identified the +0 robe of Focus {+Inv rC- rN+ Str+2}
  8536 | D:10     | Entered Level 10 of the Dungeon
  8622 | D:10     | Reached skill level 5 in Armour
  8622 | D:10     | Reached skill level 5 in Shields
  8695 | D:10     | Found a broken altar of Ashenzari.
  8742 | D:10     | Found an iron altar of Okawaru.
  8882 | D:10     | Reached skill level 5 in Invocations
  8882 | D:10     | Found a bloodstained altar of Trog.
  8897 | D:10     | Found a shimmering blue altar of Sif Muna.
  8910 | D:10     | Got Sif Muna's Papyrus of Arcane Weapons
  9103 | D:10     | Found a runed translucent door.
  9103 | D:10     | Noticed a fire dragon
  9106 | D:10     | Killed from afar by a fire dragon

Illustrated notes

Levels and vault maps discovered:
D:1:      lemuel_arrival_lava_pool, layout_rooms
D:2:      layout_basic, kennysheep_cluttered_room
D:3:      kennysheep_the_goblin_king, layout_basic, serial_shops,
          nicolae_diamond_shop
D:4:      layout_basic, marbit_many_paths, portal_sewer_entry_b, uniq_ijyb
D:5:      layout_rooms, cheibriados_altar_1, temple_statues,
          gammafunk_ghost_arena
D:6:      layout_gridville
D:7:      layout_basic, mainiacjoe_overflow_catch_the_wave,
          minmay_shop_grid_forest, minmay_shop_mayhem
D:8:      layout_gridville, lemuel_crystal_altar, enter_ossuary_2,
          gammafunk_ghost_spectres, serial_shops, nicolae_shop_crystal,
          palyth_stone_intersect
D:9:      layout_loops_ring, lair_entry_dummy, serial_co_window_serial,
          co_window_of_opportunity_a, co_window_corner_a,
          co_window_of_opportunity_a, co_window_corner_a, co_window_paths_b,
          co_window_2corner, co_window_cross_2, co_window_paths_c,
          co_window_2corner, co_window_of_opportunity_c, glass_columns_c,
          serial_shops, shop, kennysheep_generic_room_4
D:10:     layout_gridville, nzn_overflow_gifts_of_might_and_magic,
          evilmike_ruin_ashenzari, kennysheep_okawaru_gauntlet,
          hangedman_decor_diamond_cutter, st_stairs_2, minivault_13
Temple:   dshaligram_water_room_temple

Skill      XL: |  1  2  3  4  5  6  7  8  9 10 |
---------------+-------------------------------+-----
Long Blades    | 3 4 5 6 7 9 11 14 | 14.0
Fighting       | 3 4 |  4.8
Invocations    | 1 5 |  5.6
Armour         | 5 |  5.8
Shields        | 5 |  5.8

Action                   |  1- 3 |  4- 6 |  7- 9 | 10-12 || total
-------------------------+-------+-------+-------+-------++-------
Melee: Long sword        |   162 |   213 |   371 |    54 ||   800
       Dagger            |       |       |   168 |       ||   168
       Scimitar          |       |       |       |    98 ||    98
Invok: Minor Destruction |       |       |       |     4 ||     4
 Abil: Heal Wounds       |     1 |     3 |    15 |     6 ||    25
  Use: Scroll            |     3 |     2 |     5 |     2 ||    12
       Potion            |       |     1 |       |       ||     1
Armor: Scale mail        |    14 |   121 |   216 |    16 ||   367
       Chain mail        |    77 |    23 |       |       ||   100
       Acid dragon scale |       |       |       |    36 ||    36
Dodge: Dodged            |    54 |    95 |   175 |    59 ||   383
Block: Buckler           |    35 |    52 |    96 |    27 ||   210

Table legend: (Time is in decaauts)
 A = Elapsed time spent in this place.
 B = Non-inter-level travel time spent in this place.
 C = Inter-level travel time spent in this place.
 D = Time resting spent in this place.
 E = Time spent auto-exploring this place.
 F = Levels seen in this place.
 G = Mean time per level.
                   A        B        C        D        E       F      G
               +--------+--------+--------+--------+--------+-----+--------+
         Total |   9199 |   8918 |    281 |    162 |   6007 |  13 |  707.6 |
       Dungeon |   7951 |   7689 |    262 |    162 |   5387 |  10 |  795.1 |
        Temple |     96 |     77 |     19 |      0 |     62 |   1 |   96.0 |
         Sewer |    794 |    794 |      0 |      0 |    434 |   1 |  794.0 |
       Ossuary |    357 |    357 |      0 |      0 |    123 |   1 |  357.0 |
               +--------+--------+--------+--------+--------+-----+--------+

Top non-repeatable levels by time:
     D:9: 1226 daAuts
     D:4: 1071 daAuts
     D:7: 953 daAuts
     D:3: 920 daAuts
     D:2: 866 daAuts
     D:8: 852 daAuts
   Sewer: 794 daAuts
    D:10: 551 daAuts
     D:6: 515 daAuts
     D:5: 500 daAuts
     D:1: 492 daAuts
 Ossuary: 357 daAuts
  Temple: 96 daAuts
